 Dungeon Crawl Stone Soup version 0.31.0-12-g77e489cdc1 (webtiles) character file.

Game seed: 2492872716934652746

9 RancidPinata the Sneak (level 2, -3/19 HPs)
             Began as a Gargoyle Delver on Feb 20, 2024.
             Slain by a phantom (7 damage)
             ... on level 4 of the Dungeon.
             The game lasted 00:01:27 (158 turns).

RancidPinata the Sneak (Gargoyle Delver)             Turns: 158, Time: 00:01:27

Health: -3/19      AC:  5    Str: 15    XL:     2   Next: 12%
Magic:  2/2        EV: 11    Int: 10    God:
Gold:   0          SH:  0    Dex: 11    Spells: 1/1 levels left

rFire   . . .        a - +0 mace
rCold   . . .        (no shield)
rNeg    + . .        b - +0 leather armour
rPois   ∞            (no helmet)
rElec   +            (no cloak)
rCorr   .            (no gloves)
SInv    .            (no boots)
Will    .....        (no amulet)
Stlth   +++          (no ring)
HPRegen 0.23/turn    (no ring)
MPRegen 0.08/turn

%: no passive effects
@: no status effects
A: sickness immunity, AC +2, negative energy resistance 1, electricity
resistance, torment resistance 1, petrification resistance
a: no special abilities


You were on level 4 of the Dungeon.
You visited 1 branch of the dungeon, and saw 3 of its levels.

Inventory:

Hand Weapons
 a - a +0 mace (weapon)
Armour
 b - a +0 leather armour (worn)
Jewellery
 e - an amulet of reflection
Wands
 g - a wand of digging (3)
Scrolls
 c - a scroll of fog
 d - a scroll of revelation
 h - a scroll of torment {unknown}
 i - 2 scrolls of teleportation {unknown}
Potions
 f - a potion of haste
 j - a potion of enlightenment {unknown}


   Skills:
 * Level 3.4 Fighting
 + Level 2.2 Maces & Flails
 * Level 0.0 Armour
 + Level 1.7 Dodging
 + Level 5.6 Stealth


You had one spell level left.
You didn't know any spells.
Your spell library was empty.

Dungeon Overview and Level Annotations

Branches:
Dungeon (6/15)
 Temple: D:4-7

Altars:


Innate Abilities, Weirdness & Mutations

You are immune to sickness and miasma.
Your stone body is resilient. (AC +2)
You are immune to poison.
You resist negative energy. (rN+)
You are resistant to electric shocks. (rElec)
You are resistant to unholy torment.
You are immune to petrification.


Message History

The black bear bites you. The black bear completely misses you.
The black bear closely misses you. The phantom attacks as it pursues you!
The phantom misses you.
The black bear attacks as it pursues you!
The black bear barely misses you. The black bear misses you.
The black bear closely misses you.
The black bear attacks as it pursues you!
The black bear bites you. The black bear closely misses you.
The black bear claws you but does no damage.
Found 12 gold pieces.
The phantom attacks as it pursues you! The phantom hits you.
The phantom blinks!
You blink.
The black bear bites you.
The black bear claws you but does no damage. x2
The phantom hits you but does no damage.
The black bear bites you. The black bear closely misses you.
The black bear completely misses you. The phantom attacks as it pursues you!
The phantom misses you.
The black bear attacks as it pursues you!
The black bear completely misses you.
The black bear claws you but does no damage.
The black bear claws you.
The black bear attacks as it pursues you!
The black bear barely misses you. The black bear claws you.
The black bear barely misses you.
As you read the scroll of fear, it crumbles to dust.
You assume a fearsome visage.
The black bear looks frightened!
The phantom is unaffected.
The phantom barely misses you. The phantom closely misses you.
You see here an amulet of reflection.
e - an amulet of reflection The phantom hits you but does no damage.
You start putting on your amulet.
You continue putting on your amulet of reflection.
The phantom hits you.
You continue putting on your amulet of reflection.
The phantom hits you.
* * * LOW HITPOINT WARNING * * *
The phantom blinks!
You blink.
You continue putting on your amulet of reflection.
The phantom hits you!
You die...

###### #.#
##........###.##
##.....$....##W.##
##............##..##
##..............##..#
##................##.#
#..................#.#
#......♣....♣......#.#
#.......W@.........#.#
#..$...............'.#
#.h................'.#
#..................###
#......♣....♣......#
#........$.........#
##................##
##..............##
##............##


You could see a black bear (fleeing) and a phantom.

Vanquished Creatures
  An adder (D:6)
1 creature vanquished.

Notes
Turn   | Place    | Note
-------+----------+-------------------------------------------
     0 | D:5      | RancidPinata the Gargoyle Delver began the quest for the
                  | Orb.
     0 | D:5      | Reached XP level 1. HP: 14/14 MP: 1/1
     1 | D:5      | Noticed a scorpion
    12 | D:6      | Noticed a hound
    13 | D:6      | Noticed a jelly
    25 | D:6      | Reached XP level 2. HP: 19/19 MP: 2/2
    36 | D:6      | Noticed a phantom
    87 | D:4      | Noticed a phantom
   126 | D:4      | Noticed a black bear
   158 | D:4      | Slain by a phantom

Illustrated notes

Levels and vault maps discovered:
D:4:      layout_basic, nicolae_sif_muna_condensation, serial_shops, shop,
          kennysheep_big_empty_room, minmay_misc_feat_square
D:5:      layout_rooms, grunt_temple_overflow_open, makhleb_blood_cavern_becter,
          hellmonk_no_cap
D:6:      layout_cave_pools, kennysheep_mini, uniq_grinder

Action                     || total
---------------------------++-------
  Melee: Mace              ||     1
    Use: Scroll            ||     1
   Stab: Sleeping          ||     1
 Armour: Leather armour    ||    16
  Dodge: Dodged            ||    15
